AoeStats
← AiM | CyclopsTron

MegaRandom

508779039Analyzed
4v4 RM · 7d ago on Sep 24, 2026· 46m 23s· 8 players
Game mode
Random Map
Map size
Large (8 player)
Population
200
Speed
Normal
Resources
Standard
Victory
Conquest
Starting age
Dark Age
Ending age
Imperial Age
RankedLock teamsTeams togetherTeam positionsShared explorationLock speedFull tech treeHidden civsTurbo modeCheats
Victory
Defeat
🇲🇽 Vietnamese · Mexico
1689
+11
🇲🇽 Varangians · Mexico
1643
+13
🇨🇴 Slavs · Colombia
1631
+13
🇺🇸 Mongols · United States
1619
+14
🇨🇱 Varangians · Chile
1729
-18
🇨🇱 Shu · Chile
1669
-17
1488
-10
🇨🇱 Mongols · Chile
1384
-6
Sonny
8:02 Loom
10:03 Feudal Age
11:31 Double-Bit Axe
13:21 Fletching
15:18 Padded Archer Armor
17:12 Gold Mining
25:43 Castle Age
26:23 Bodkin Arrow
26:19 Crossbowman
29:51 Leather Archer Armor
32:48 Ballistics
38:04 Thumb Ring
42:34 Bloodlines
43:12 Husbandry
AiM | CyclopsTron
5:30 Loom
10:36 Feudal Age
11:07 Double-Bit Axe
16:37 Fletching
17:09 Horse Collar
20:38 Wheelbarrow
19:49 Town Watch
21:14 Padded Archer Armor
21:08 Gold Mining
23:33 Castle Age
24:29 Wheelbarrow
24:04 Crossbowman
24:40 Bodkin Arrow
27:06 Hand Cart
27:06 Bow Saw
29:31 Thumb Ring
30:32 Squires
32:24 Leather Archer Armor
32:55 Hand Cart
33:23 Ballistics
33:47 Man-at-Arms
35:38 Scale Mail Armor
37:08 Chain Mail Armor
37:58 Forging
38:10 Heavy Plow
38:21 Arson
42:08 Imperial Age
41:05 Thumb Ring
41:02 Stone Mining
42:51 Bracer
43:52 Chemistry
42:24 Arbalester
44:21 Paper Money
44:54 Elite Fire Lancer
46:12 Plate Mail Armor
Crosnay
6:58 Loom
9:50 Feudal Age
12:36 Double-Bit Axe
14:37 Bloodlines
19:11 Forging
22:05 Castle Age
20:32 Horse Collar
20:37 Fishing Lines
21:29 Scale Barding Armor
23:15 Chain Barding Armor
23:07 Gillnets
23:44 Gold Mining
24:50 Wheelbarrow
25:45 Husbandry
27:03 Bow Saw
27:46 Heavy Plow
30:28 Iron Casting
33:07 Town Watch
33:15 Fletching
39:04 Imperial Age
38:06 Hand Cart
40:22 Plate Barding Armor
39:19 Cavalier
40:51 Conscription
43:50 Light Cavalry
Astronomical
7:56 Loom
10:21 Feudal Age
15:44 Bloodlines
16:03 Horse Collar
17:32 Scale Barding Armor
18:09 Forging
21:33 Wheelbarrow
24:29 Castle Age
23:27 Double-Bit Axe
23:51 Gold Mining
24:22 Fishing Lines
24:29 Fishing Lines
25:33 Chain Barding Armor
25:14 Husbandry
33:11 Iron Casting
41:17 Imperial Age
39:04 Town Watch
39:34 Hand Cart
39:42 Stone Mining
40:28 Gold Shaft Mining
42:01 Bow Saw
41:22 Cavalier
42:38 Plate Barding Armor
43:04 Blast Furnace
42:26 Conscription
43:50 Blast Furnace
43:05 Fletching
44:17 Chemistry
[CL] The Fabulous Merasmus
11:34 Feudal Age
12:04 Feudal Age
17:16 Castle Age
15:47 Scale Barding Armor
16:53 Bloodlines
18:18 Chain Barding Armor
18:04 Light Cavalry
20:24 Wheelbarrow
22:08 Husbandry
23:00 Loom
26:08 Gold Mining
28:15 Fishing Lines
30:56 Hand Cart
31:09 Forging
31:08 Gillnets
33:19 Iron Casting
45:16 Imperial Age
43:35 Manipur Cavalry
44:29 Gold Shaft Mining
43:55 Horse Collar
46:55 Plate Barding Armor
47:21 Blast Furnace
[CL] ~C H R I $-
10:50 Feudal Age
11:43 Double-Bit Axe
11:57 Loom
14:38 Fletching
25:39 Padded Archer Armor
27:48 Horse Collar
32:56 Castle Age
32:57 Crossbowman
34:18 Bodkin Arrow
[CL] Davidlk1412
10:11 Loom
14:31 Feudal Age
15:33 Fishing Lines
18:13 Castle Age
17:12 Gold Mining
17:08 Double-Bit Axe
18:37 Scale Barding Armor
18:43 Forging
18:50 Bloodlines
19:25 Husbandry
21:45 Medium Warships
24:47 Chain Barding Armor
29:02 Gillnets
32:34 Wheelbarrow
33:08 Horse Collar
33:40 Bow Saw
34:34 Hand Cart
38:16 Iron Casting
44:16 Imperial Age
45:31 Plate Barding Armor
44:18 Cavalier
[CL] FARFANA
7:35 Loom
9:48 Feudal Age
10:32 Double-Bit Axe
12:23 Town Watch
13:37 Fletching
17:30 Padded Archer Armor
25:36 Castle Age
23:52 Horse Collar
26:05 Gold Mining
25:50 Crossbowman
26:29 Bodkin Arrow
30:29 Ballistics
32:11 Leather Archer Armor
34:07 Thumb Ring
40:23 Imperial Age
40:27 Arbalester
41:10 Bracer
42:17 Chemistry
42:25 Bow Saw
44:12 Two-Man Saw
Connection lost

Rejoining the realm…

Still unreachable

The connection could not be restored.

Session expired

The server has moved on; the page needs a fresh start.